Quebec Nordiques vs New York Rangers

Created - Tuesday, August 26, 2025 at 08:21

Goals
1 2 3 T
Quebec Nordiques 2 1 2 5
New York Rangers 1 0 2 3
Shots
1 2 3 T
Quebec Nordiques 17 9 6 32
New York Rangers 15 7 12 34

1st period

1. Quebec Nordiques , Matt Duchene 6 (Jake Middleton 4, Matthew Knies 8) at 5:05
2. Quebec Nordiques , Nikolaj Ehlers 3 (Jake Middleton 5, Shane Pinto 5) at 10:19
3. New York Rangers , Dylan Strome 9 (Jake McCabe 5, Cole Caufield 9) at 11:39

Penalties :
Michael McCarron (QUE) for Tripping (Minor) at 11:42

2nd period

4. Quebec Nordiques , Matt Duchene 7 (Nikita Zadorov 2, Marco Rossi 6) at 13:31

Penalties :
Dmitry Kulikov (NYR) for Cross-checking (Minor) at 2:35, Jake McCabe (NYR) for Holding (Minor) at 7:20, Alexandre Carrier (QUE) for Holding (Minor) at 18:11

3rd period

5. New York Rangers , Mikael Granlund 3 (Conor Garland 10, Dylan Strome 9) at 6:10 (PP)
6. Quebec Nordiques , Alex DeBrincat 11 (Connor McDavid 15, Rickard Rakell 10) at 15:57 (PP)
7. New York Rangers , Teuvo Teravainen 5 (Conor Garland 11, Jake Walman 3) at 17:14
8. Quebec Nordiques , Shane Pinto 5 (Frederick Gaudreau 5, Brock Faber 4) at 19:28 (Empty Net)

Penalties :
Nikolaj Ehlers (QUE) for High sticking (Minor) at 5:18, Connor McDavid (QUE) for Roughing (Minor) at 9:38, Mikael Granlund (NYR) for Unsportsmanlike conduct (Minor) at 15:43

Goalie Stats

Joseph Woll (QUE), 31 saves from 34 shots - (0.912), W, 11-3-0, 60:00 minutes
Igor Shesterkin (NYR), 27 saves from 31 shots - (0.871), L, 7-6-1, 59:27 minutes

Players Stats for Quebec Nordiques

Player Name              G  A  P  +/- PIM S  H  SB GA TA FO     MP     PP MP  PK MP  
------------------------------------------------------------------------------------
Alex DeBrincat           1  0  1  -1  0   4  0  1  1  0  0/2    15:36   2:19   0:00 
Alex Vlasic              0  0  0  -1  0   1  0  2  0  2  0/0    25:34   2:29   3:22 
Alexandre Carrier        0  0  0   2  2   1  1  1  0  1  0/0    16:16   1:43   2:04 
Brock Faber              0  1  1   1  0   1  2  0  0  2  0/0    20:02   2:29   0:42 
Connor Brown             0  0  0   0  0   1  0  0  0  0  0/1    12:04   0:00   3:10 
Connor McDavid           0  1  1  -1  2   2  0  0  0  2  7/21   16:21   2:19   0:22 
Frederick Gaudreau       0  1  1   1  0   1  0  0  0  0  0/0    12:32   0:00   3:16 
Jake Middleton           0  2  2   2  0   3  2  1  0  1  0/0    13:07   0:00   0:41 
Marco Rossi              0  1  1   2  0   0  1  2  0  0  1/5    15:26   1:53   0:00 
Matt Duchene             2  0  2   2  0   5  1  0  0  1  0/0    15:26   1:53   0:00 
Matthew Knies            0  1  1   2  0   3  2  0  1  0  0/1    16:44   1:53   1:10 
Michael Anderson         0  0  0   1  0   3  2  1  0  3  0/0    21:43   1:43   3:22 
Michael McCarron         0  0  0   1  2   0  1  0  0  0  8/8    11:37   0:00   2:13 
Nikita Zadorov           0  1  1  -1  0   1  4  2  0  1  0/0    23:34   0:00   3:27 
Nikolaj Ehlers           1  0  1   0  2   3  0  0  0  0  0/1    12:27   0:00   0:00 
Rickard Rakell           0  1  1  -1  0   1  2  0  0  0  1/1    15:36   2:19   0:00 
Shane Pinto              1  1  2   1  0   1  1  0  0  0  7/16   16:34   0:00   3:27 
Will Smith               0  0  0   0  0   1  0  0  0  0  0/1    12:28   0:00   0:00 

Players Stats for New York Rangers

Player Name              G  A  P  +/- PIM S  H  SB GA TA FO     MP     PP MP  PK MP  
------------------------------------------------------------------------------------
Adam Larsson             0  0  0   0  0   1  1  0  1  0  0/0    20:11   0:00   2:55 
Artemi Panarin           0  0  0  -3  0   3  2  0  0  0  0/2    18:25   3:16   0:00 
Cam Fowler               0  0  0  -1  0   1  0  3  1  0  0/0    18:23   1:55   0:10 
Cole Caufield            0  1  1  -1  0   0  2  0  1  0  0/0    18:40   3:13   0:06 
Conor Garland            0  2  2   1  0   3  1  0  2  0  0/1    15:19   3:30   0:00 
David Kampf              0  0  0   0  0   0  0  0  1  0  0/0     9:42   0:00   2:06 
Dmitry Kulikov           0  0  0   0  2   0  1  0  0  0  0/0    16:09   0:00   1:07 
Dylan Strome             1  1  2   0  0   5  2  0  0  0  8/10   17:51   3:30   0:00 
Jake McCabe              0  1  1   0  2   0  1  2  0  1  0/0    17:15   0:00   0:00 
Jake Walman              0  1  1  -2  0   1  0  0  0  0  0/0    23:40   4:54   2:39 
Luke Schenn              0  0  0  -1  0   2  0  3  0  0  0/0    16:56   0:00   1:33 
Marcus Foligno           0  0  0   1  0   1  3  0  0  0  1/1    11:49   0:00   0:00 
Mikael Granlund          1  0  1  -2  2   5  2  1  0  0  1/1    21:38   4:54   1:57 
Nathan MacKinnon         0  0  0  -3  0   4  2  0  3  0  17/29  18:28   3:19   0:00 
Noel Acciari             0  0  0   0  0   3  0  0  0  0  3/5     9:42   0:00   2:06 
Teuvo Teravainen         1  0  1   1  0   3  0  0  1  0  2/6    13:53   1:55   0:00 
Timo Meier               0  0  0   0  0   1  1  0  2  1  1/2    18:07   3:33   0:09 
Tyler Motte              0  0  0   0  0   1  1  0  1  0  0/0     9:37   0:06   2:00 

3 Stars

1 - Matt Duchene (QUE)
2 - Shane Pinto (QUE)
3 - Jake Middleton (QUE)

Power Play

Quebec Nordiques - 1 on 3 Attempt(s) - 33.33%
New York Rangers - 1 on 4 Attempt(s) - 25.00%

Penalty Kill

Quebec Nordiques - 3 on 4 Attempt(s) - 75.00% - Score 0 goal in Penalty Kill
New York Rangers - 2 on 3 Attempt(s) - 66.67% - Score 0 goal in Penalty Kill

Team Stat

Quebec Nordiques - Hits : 19 - Faceoff Wins : 24 - Blocked Shots : 10 - Penalty Minutes : 8
New York Rangers - Hits : 19 - Faceoff Wins : 33 - Blocked Shots : 9 - Penalty Minutes : 6

Official

Referees : Tom Chmielewski and Chris Rooney
Linesman : Unknown

Game Notes

Shane Pinto has scored in a empty net!

Finance

Level 1 -- Attendance: 4499 (74.98%) -- Ticket Income $458,898
Level 2 -- Attendance: 3796 (75.92%) -- Ticket Income $239,148
Level 3 -- Attendance: 2124 (70.80%) -- Ticket Income $87,084
Level 4 -- Attendance: 3500 (70.00%) -- Ticket Income $98,000
Luxury Box -- Attendance: 716 (71.60%) -- Ticket Income $139,620
Game was played at the Madison Square Garden.
Total Attendance: 14635 (73.18%)
Total Ticket Income: $1,022,750
Other Income: $357,962
Total Income: $1,380,712

Quebec Nordiques

5 vs 5 Forward 
   Center                   Left Wing                Right Wing               Time % Phy DF OF 
 1 Connor McDavid           Alex DeBrincat           Rickard Rakell           30     1   1  3  
 2 Marco Rossi              Matthew Knies            Matt Duchene             30     1   1  3  
 3 Shane Pinto              Will Smith               Nikolaj Ehlers           25     1   1  3  
 4 Michael McCarron         Frederick Gaudreau       Connor Brown             15     1   3  1  

5 vs 5 Defense 
   Defense                  Defense                                           Time % Phy DF OF 
 1 Alex Vlasic              Nikita Zadorov                                    30     1   2  2  
 2 Brock Faber              Michael Anderson                                  30     1   2  2  
 3 Jake Middleton           Alexandre Carrier                                 25     1   2  2  
 4 Alex Vlasic              Nikita Zadorov                                    15     1   2  2  

PowerPlay Forward 
   Center                   Left Wing                Right Wing               Time % Phy DF OF 
 1 Connor McDavid           Alex DeBrincat           Rickard Rakell           60     1   0  4  
 2 Marco Rossi              Matthew Knies            Matt Duchene             40     1   0  4  

PowerPlay Defense
   Defense                  Defense                                           Time % Phy DF OF 
 1 Brock Faber              Alex Vlasic                                       60     1   2  2  
 2 Alexandre Carrier        Michael Anderson                                  40     1   2  2  

Penalty Kill 4 Players Forward 
   Center                   Wing                     Time % Phy DF OF 
 1 Shane Pinto              Frederick Gaudreau       50     2   3  0  
 2 Michael McCarron         Connor Brown             50     2   3  0  

Penalty Kill 4 Players Defense
   Defense                  Defense                  Time % Phy DF OF 
 1 Alex Vlasic              Michael Anderson         50     2   3  0  
 2 Alexandre Carrier        Nikita Zadorov           50     2   3  0  

Penalty Kill - 3 Players Forward 
   Forward                                           Time % Phy DF OF 
 1 Shane Pinto                                       50     1   2  2  
 2 Michael McCarron                                  50     1   2  2  

Penalty Kill - 3 Players Defense
   Defense                  Defense                  Time % Phy DF OF 
 1 Alex Vlasic              Michael Anderson         50     1   2  2  
 2 Alexandre Carrier        Nikita Zadorov           50     1   2  2  

4 vs 4 Forward 
   Center                   Wing                     Time % Phy DF OF 
 1 Connor McDavid           Matt Duchene             50     1   1  3  
 2 Marco Rossi              Alex DeBrincat           50     1   1  3  

4 vs 4 Defense
   Defense                  Defense                  Time % Phy DF OF 
 1 Alex Vlasic              Nikita Zadorov           50     1   2  2  
 2 Brock Faber              Michael Anderson         50     1   2  2  

Last Minutes Offensive
   Center                   Left Wing                Right Wing               Defense                  Defense                  
   Connor McDavid           Matt Duchene             Alex DeBrincat           Alex Vlasic              Brock Faber              

Last Minutes Defensive
   Center                   Left Wing                Right Wing               Defense                  Defense                  
   Shane Pinto              Frederick Gaudreau       Michael McCarron         Alex Vlasic              Michael Anderson         

Goaltenders
Starting : Joseph Woll              
Backup : Lukas Dostal             

Extra Forwards
Normal : Nikolaj Ehlers, Shane Pinto, Will Smith - PP : Nikolaj Ehlers, Will Smith - PK : Matthew Knies
Extra Defensemen
Normal : Brock Faber, Jake Middleton, Nikita Zadorov - PP : Jake Middleton - PK : Jake Middleton, Brock Faber
Penalty Shots
Alex DeBrincat, Connor McDavid, Matt Duchene, Frederick Gaudreau, Rickard Rakell

Scratches
Collin Graf (Healthy)

New York Rangers

5 vs 5 Forward 
   Center                   Left Wing                Right Wing               Time % Phy DF OF 
 1 Nathan MacKinnon         Mikael Granlund          Artemi Panarin           38     0   1  4  
 2 Dylan Strome             Timo Meier               Cole Caufield            30     1   1  3  
 3 Teuvo Teravainen         Conor Garland            Marcus Foligno           22     1   2  2  
 4 Noel Acciari             David Kampf              Tyler Motte              10     1   3  1  

5 vs 5 Defense 
   Defense                  Defense                                           Time % Phy DF OF 
 1 Jake McCabe              Adam Larsson                                      36     1   2  2  
 2 Jake Walman              Luke Schenn                                       34     1   2  2  
 3 Cam Fowler               Dmitry Kulikov                                    30     1   2  2  
 4 Jake McCabe              Adam Larsson                                      0      1   2  2  

PowerPlay Forward 
   Center                   Left Wing                Right Wing               Time % Phy DF OF 
 1 Nathan MacKinnon         Cole Caufield            Artemi Panarin           60     0   1  4  
 2 Dylan Strome             Timo Meier               Conor Garland            40     0   1  4  

PowerPlay Defense
   Defense                  Defense                                           Time % Phy DF OF 
 1 Mikael Granlund          Jake Walman                                       60     1   1  3  
 2 Cam Fowler               Teuvo Teravainen                                  40     1   1  3  

Penalty Kill 4 Players Forward 
   Center                   Wing                     Time % Phy DF OF 
 1 Noel Acciari             David Kampf              50     1   3  1  
 2 Mikael Granlund          Tyler Motte              50     1   3  1  

Penalty Kill 4 Players Defense
   Defense                  Defense                  Time % Phy DF OF 
 1 Jake Walman              Dmitry Kulikov           50     1   3  1  
 2 Adam Larsson             Luke Schenn              50     1   3  1  

Penalty Kill - 3 Players Forward 
   Forward                                           Time % Phy DF OF 
 1 Noel Acciari                                      50     1   4  0  
 2 Mikael Granlund                                   50     1   4  0  

Penalty Kill - 3 Players Defense
   Defense                  Defense                  Time % Phy DF OF 
 1 Dmitry Kulikov           Jake Walman              50     1   3  1  
 2 Adam Larsson             Luke Schenn              50     1   3  1  

4 vs 4 Forward 
   Center                   Wing                     Time % Phy DF OF 
 1 Nathan MacKinnon         Mikael Granlund          50     1   2  2  
 2 Artemi Panarin           Cole Caufield            50     1   2  2  

4 vs 4 Defense
   Defense                  Defense                  Time % Phy DF OF 
 1 Jake McCabe              Adam Larsson             50     1   2  2  
 2 Jake Walman              Luke Schenn              50     1   2  2  

Last Minutes Offensive
   Center                   Left Wing                Right Wing               Defense                  Defense                  
   Nathan MacKinnon         Cole Caufield            Artemi Panarin           Cam Fowler               Jake Walman              

Last Minutes Defensive
   Center                   Left Wing                Right Wing               Defense                  Defense                  
   Noel Acciari             Mikael Granlund          Marcus Foligno           Jake McCabe              Adam Larsson             

Goaltenders
Starting : Igor Shesterkin          
Backup : Kevin Lankinen           

Extra Forwards
Normal : Dylan Strome, Teuvo Teravainen, Mikael Granlund - PP : Dylan Strome, Teuvo Teravainen - PK : Mikael Granlund
Extra Defensemen
Normal : Cam Fowler, Dmitry Kulikov, Jake Walman - PP : Cam Fowler - PK : Dmitry Kulikov, Jake Walman
Penalty Shots
Nathan MacKinnon, Artemi Panarin, Cole Caufield, Mikael Granlund, Teuvo Teravainen

Scratches
Olli Maatta (Healthy), Casey DeSmith (Healthy)

% Time on Ice - Quebec Nordiques

Lines # - Real PCT - Wanted PCT - Time Play
Normal Forward
1 - 28% - 30% - 13:33
2 - 29% - 30% - 13:58
3 - 26% - 25% - 12:28
4 - 18% - 15% - 8:37
Normal Defense
1 - 30% - 30% - 14:39
2 - 33% - 30% - 16:13
3 - 25% - 25% - 12:09
4 - 11% - 15% - 5:35
PP Forward
1 - 55% - 60% - 2:19
2 - 45% - 40% - 1:53
PP Defense
1 - 59% - 60% - 2:29
2 - 41% - 40% - 1:43
PK Forward
1 - 48% - 50% - 3:16
2 - 52% - 50% - 3:33
PK Defense
1 - 49% - 50% - 3:22
2 - 51% - 50% - 3:27
PK3 Forward
1 - 0% - 50%
2 - 0% - 50%
PK3 Defense
1 - 0% - 50%
2 - 0% - 50%
44 Forward
1 - 0% - 50%
2 - 0% - 50%
44 Defense
1 - 0% - 50%
2 - 0% - 50%
Last Minute Offensive  - 0:00
Last Minute Defensive  - 0:23
Total
Forward - 60:00
Defense - 60:00

% Time on Ice - New York Rangers

Lines # - Real PCT - Wanted PCT - Time Play
Normal Forward
1 - 30% - 38% - 14:36
2 - 30% - 30% - 14:21
3 - 24% - 22% - 11:49
4 - 16% - 10% - 7:31
Normal Defense
1 - 36% - 36% - 17:37
2 - 32% - 34% - 15:27
3 - 31% - 30% - 14:58
4 - 1% - 0% - 0:15
PP Forward
1 - 49% - 60% - 3:19
2 - 51% - 40% - 3:30
PP Defense
1 - 72% - 60% - 4:54
2 - 28% - 40% - 1:55
PK Forward
1 - 52% - 50% - 2:12
2 - 48% - 50% - 2:00
PK Defense
1 - 67% - 50% - 2:49
2 - 33% - 50% - 1:23
PK3 Forward
1 - 0% - 50%
2 - 0% - 50%
PK3 Defense
1 - 0% - 50%
2 - 0% - 50%
44 Forward
1 - 0% - 50%
2 - 0% - 50%
44 Defense
1 - 0% - 50%
2 - 0% - 50%
Last Minute Offensive  - 0:42
Last Minute Defensive  - 0:00
Total
Forward - 60:00
Defense - 60:00

Play-by-Play

1st period


0:01 of 1st period - Nathan MacKinnon wins face-off versus Connor McDavid in neutral zone.
0:26 of 1st period - Jake McCabe is hit by Nikita Zadorov and loses puck.
0:35 of 1st period - Snap shot by Dylan Strome.
0:35 of 1st period - Shot Blocked by Alex Vlasic.
0:55 of 1st period - Snap shot by Teuvo Teravainen.
0:55 of 1st period - Shot Misses the Net.
1:22 of 1st period - Wrist shot by Matthew Knies.
1:22 of 1st period - Stopped by Igor Shesterkin with a rebound.
1:28 of 1st period - Wrist shot by Matt Duchene.
1:28 of 1st period - Stopped by Igor Shesterkin without a rebound.
1:29 of 1st period - Michael McCarron wins face-off versus Nathan MacKinnon in New York Rangers zone.
1:30 of 1st period - Backhand shot by Frederick Gaudreau.
1:30 of 1st period - Shot Misses the Net.
1:32 of 1st period - Slapshot by Michael Anderson.
1:32 of 1st period - Deflect By Jake Walman.
1:32 of 1st period - Stopped by Igor Shesterkin with a rebound.
1:38 of 1st period - Slapshot by Connor Brown.
1:38 of 1st period - Shot Misses the Net.
1:40 of 1st period - Wrist shot by Connor Brown.
1:40 of 1st period - Stopped by Igor Shesterkin without a rebound.
1:41 of 1st period - Dylan Strome wins face-off versus Connor McDavid in New York Rangers zone.
2:35 of 1st period - Icing by Marcus Foligno.
2:36 of 1st period - Michael McCarron wins face-off versus Teuvo Teravainen in New York Rangers zone.
3:31 of 1st period - Snap shot by Nathan MacKinnon.
3:31 of 1st period - Stopped by Joseph Woll without a rebound.
3:32 of 1st period - Nathan MacKinnon wins face-off versus Shane Pinto in Quebec Nordiques zone.
3:54 of 1st period - Icing by Cam Fowler.
3:55 of 1st period - Dylan Strome wins face-off versus Marco Rossi in New York Rangers zone.
4:00 of 1st period - Michael Anderson is hit by Cole Caufield and loses puck.
4:16 of 1st period - Timo Meier is hit by Michael Anderson and loses puck.
4:21 of 1st period - Snap shot by Matt Duchene.
4:21 of 1st period - Shot Misses the Net.
4:53 of 1st period - Snap shot by Matthew Knies.
4:53 of 1st period - Shot Misses the Net.
4:55 of 1st period - Wrist shot by Jake Middleton.
4:55 of 1st period - Stopped by Igor Shesterkin with a rebound.
4:57 of 1st period - Snap shot by Matthew Knies.
4:57 of 1st period - Shot Blocked by Luke Schenn.
4:59 of 1st period - Snap shot by Matthew Knies.
4:59 of 1st period - Stopped by Igor Shesterkin with a rebound.
5:05 of 1st period - Wrist shot by Matt Duchene.
5:05 of 1st period - Goal by Matt Duchene - Quebec Nordiques : 1 - New York Rangers : 0.
5:06 of 1st period - Nathan MacKinnon wins face-off versus Connor McDavid in neutral zone.
6:06 of 1st period - Jake Walman is hit by Nikita Zadorov and loses puck.
6:49 of 1st period - Wrist shot by Conor Garland.
6:49 of 1st period - Deflect By Teuvo Teravainen.
6:49 of 1st period - Shot Blocked by Alex DeBrincat.
6:49 of 1st period - Puck is out of play.
6:50 of 1st period - Shane Pinto wins face-off versus Nathan MacKinnon in Quebec Nordiques zone.
8:13 of 1st period - Slapshot by Cam Fowler.
8:13 of 1st period - Stopped by Joseph Woll with a rebound.
8:21 of 1st period - Snap shot by Matt Duchene.
8:21 of 1st period - Stopped by Igor Shesterkin with a rebound.
8:23 of 1st period - Snap shot by Matthew Knies.
8:23 of 1st period - Shot Blocked by Cam Fowler.
8:29 of 1st period - Wrist shot by Marco Rossi.
8:29 of 1st period - Shot Misses the Net.
8:31 of 1st period - Slapshot by Alex Vlasic.
8:31 of 1st period - Shot Blocked by Cam Fowler.
8:33 of 1st period - Snap shot by Matt Duchene.
8:33 of 1st period - Shot Misses the Net.
8:35 of 1st period - Snap shot by Nikita Zadorov.
8:35 of 1st period - Shot Misses the Net.
8:37 of 1st period - Wrist shot by Matt Duchene.
8:37 of 1st period - Stopped by Igor Shesterkin without a rebound.
8:38 of 1st period - Nathan MacKinnon wins face-off versus Connor McDavid in New York Rangers zone.
8:48 of 1st period - Brock Faber is hit by Nathan MacKinnon.
9:08 of 1st period - Wrist shot by Dylan Strome.
9:08 of 1st period - Stopped by Joseph Woll without a rebound.
9:09 of 1st period - Nathan MacKinnon wins face-off versus Shane Pinto in Quebec Nordiques zone.
9:18 of 1st period - Mikael Granlund is hit by Alexandre Carrier and loses puck.
9:33 of 1st period - Wrist shot by Will Smith.
9:33 of 1st period - Stopped by Igor Shesterkin with a rebound.
9:35 of 1st period - Snap shot by Brock Faber.
9:35 of 1st period - Shot Misses the Net.
9:37 of 1st period - Slapshot by Michael Anderson.
9:37 of 1st period - Stopped by Igor Shesterkin with a rebound.
9:39 of 1st period - Slapshot by Michael Anderson.
9:39 of 1st period - Deflect By Nathan MacKinnon.
9:39 of 1st period - Stopped by Igor Shesterkin with a rebound.
9:47 of 1st period - Wrist shot by Nikolaj Ehlers.
9:47 of 1st period - Shot Blocked by Luke Schenn.
9:55 of 1st period - Wrist shot by Nikolaj Ehlers.
9:55 of 1st period - Shot Misses the Net.
10:15 of 1st period - Slapshot by Nikolaj Ehlers.
10:15 of 1st period - Stopped by Igor Shesterkin with a rebound.
10:17 of 1st period - Slapshot by Jake Middleton.
10:17 of 1st period - Stopped by Igor Shesterkin with a rebound.
10:19 of 1st period - Slapshot by Nikolaj Ehlers.
10:19 of 1st period - Goal by Nikolaj Ehlers - Quebec Nordiques : 2 - New York Rangers : 0.
10:20 of 1st period - Dylan Strome wins face-off versus Connor McDavid in neutral zone.
10:23 of 1st period - Snap shot by Timo Meier.
10:23 of 1st period - Stopped by Joseph Woll with a rebound.
10:27 of 1st period - Wrist shot by Dylan Strome.
10:27 of 1st period - Stopped by Joseph Woll without a rebound.
10:28 of 1st period - Connor McDavid wins face-off versus Timo Meier in Quebec Nordiques zone.
11:33 of 1st period - Snap shot by Dylan Strome.
11:33 of 1st period - Stopped by Joseph Woll with a rebound.
11:39 of 1st period - Slapshot by Dylan Strome.
11:39 of 1st period - Goal by Dylan Strome - Quebec Nordiques : 2 - New York Rangers : 1.
11:40 of 1st period - Michael McCarron wins face-off versus Nathan MacKinnon in neutral zone.
11:42 of 1st period - Minor Penalty to Michael McCarron for Tripping.
11:43 of 1st period - Shane Pinto wins face-off versus Nathan MacKinnon in Quebec Nordiques zone.
11:50 of 1st period - Off-side.
11:51 of 1st period - Nathan MacKinnon wins face-off versus Matthew Knies in neutral zone.
12:28 of 1st period - Frederick Gaudreau is hit by Mikael Granlund.
12:32 of 1st period - Alex Vlasic is hit by Dylan Strome and loses puck.
13:42 of 1st period - Penalty to Michael McCarron is over, Michael McCarron is back on ice.
13:49 of 1st period - Off-side.
13:50 of 1st period - Noel Acciari wins face-off versus Connor McDavid in neutral zone.
14:17 of 1st period - Jake Middleton is hit by Tyler Motte and loses puck.
14:36 of 1st period - Wrist shot by Teuvo Teravainen.
14:36 of 1st period - Stopped by Joseph Woll without a rebound.
14:37 of 1st period - Michael McCarron wins face-off versus Teuvo Teravainen in Quebec Nordiques zone.
15:03 of 1st period - Frederick Gaudreau is hit by Marcus Foligno and loses puck.
15:08 of 1st period - Wrist shot by Conor Garland.
15:08 of 1st period - Stopped by Joseph Woll with a rebound.
15:14 of 1st period - Snap shot by Connor Brown.
15:14 of 1st period - Shot Misses the Net.
15:16 of 1st period - Snap shot by Alex Vlasic.
15:16 of 1st period - Shot Blocked by Luke Schenn.
15:18 of 1st period - Wrist shot by Frederick Gaudreau.
15:18 of 1st period - Shot Misses the Net.
15:20 of 1st period - Slapshot by Alex Vlasic.
15:20 of 1st period - Stopped by Igor Shesterkin without a rebound.
15:21 of 1st period - Mikael Granlund wins face-off versus Marco Rossi in New York Rangers zone.
15:26 of 1st period - Wrist shot by Artemi Panarin.
15:26 of 1st period - Shot Misses the Net.
15:28 of 1st period - Slapshot by Luke Schenn.
15:28 of 1st period - Stopped by Joseph Woll with a rebound.
15:34 of 1st period - Wrist shot by Nathan MacKinnon.
15:34 of 1st period - Stopped by Joseph Woll with a rebound.
15:36 of 1st period - Slapshot by Mikael Granlund.
15:36 of 1st period - Stopped by Joseph Woll without a rebound.
15:37 of 1st period - Dylan Strome wins face-off versus Connor McDavid in Quebec Nordiques zone.
16:07 of 1st period - Slapshot by Nathan MacKinnon.
16:07 of 1st period - Stopped by Joseph Woll without a rebound.
16:08 of 1st period - Nathan MacKinnon wins face-off versus Marco Rossi in Quebec Nordiques zone.
16:33 of 1st period - Timo Meier is hit by Jake Middleton and loses puck.
16:42 of 1st period - Snap shot by Matt Duchene.
16:42 of 1st period - Shot Misses the Net.
16:44 of 1st period - Snap shot by Matt Duchene.
16:44 of 1st period - Shot Misses the Net.
17:58 of 1st period - Backhand shot by Matthew Knies.
17:58 of 1st period - Shot Blocked by Cam Fowler.
18:10 of 1st period - Wrist shot by Dylan Strome.
18:10 of 1st period - Shot Blocked by Nikita Zadorov.
18:28 of 1st period - Snap shot by Dylan Strome.
18:28 of 1st period - Stopped by Joseph Woll without a rebound.
18:29 of 1st period - Nathan MacKinnon wins face-off versus Shane Pinto in Quebec Nordiques zone.
18:42 of 1st period - Snap shot by Nikolaj Ehlers.
18:42 of 1st period - Stopped by Igor Shesterkin without a rebound.
18:43 of 1st period - Rickard Rakell wins face-off versus Artemi Panarin in New York Rangers zone.
18:59 of 1st period - Snap shot by Nathan MacKinnon.
18:59 of 1st period - Stopped by Joseph Woll without a rebound.
19:00 of 1st period - Shane Pinto wins face-off versus Conor Garland in Quebec Nordiques zone.
19:00 of 1st period - Shane Pinto is hit by Jake McCabe.
19:26 of 1st period - Alex DeBrincat is hit by Artemi Panarin and loses puck.
19:32 of 1st period - Off-side.
19:33 of 1st period - Nathan MacKinnon wins face-off versus Alex DeBrincat in neutral zone.
Goals for this period are 2 for Quebec Nordiques vs 1 for New York Rangers.
Shots for this period are 17 for Quebec Nordiques vs 15 for New York Rangers.

2nd period


0:01 of 2nd period - Nathan MacKinnon wins face-off versus Shane Pinto in neutral zone.
0:26 of 2nd period - Marcus Foligno is hit by Rickard Rakell and loses puck.
1:16 of 2nd period - Wrist shot by Noel Acciari.
1:16 of 2nd period - Stopped by Joseph Woll without a rebound.
1:17 of 2nd period - Nathan MacKinnon wins face-off versus Shane Pinto in Quebec Nordiques zone.
2:24 of 2nd period - Snap shot by Marco Rossi.
2:24 of 2nd period - Shot Misses the Net.
2:26 of 2nd period - Slapshot by Brock Faber.
2:26 of 2nd period - Stopped by Igor Shesterkin with a rebound.
2:35 of 2nd period - Minor Penalty to Dmitry Kulikov for Cross-checking.
2:36 of 2nd period - Noel Acciari wins face-off versus Connor McDavid in New York Rangers zone.
3:10 of 2nd period - Noel Acciari is hit by Matt Duchene and loses puck.
3:28 of 2nd period - Slapshot by Matthew Knies.
3:28 of 2nd period - Stopped by Igor Shesterkin without a rebound.
3:29 of 2nd period - Connor McDavid wins face-off versus Noel Acciari in New York Rangers zone.
3:38 of 2nd period - Wrist shot by Rickard Rakell.
3:38 of 2nd period - Shot Misses the Net.
3:40 of 2nd period - Snap shot by Alex DeBrincat.
3:40 of 2nd period - Stopped by Igor Shesterkin with a rebound.
3:56 of 2nd period - Jake Walman is hit by Matthew Knies and loses puck.
4:35 of 2nd period - Penalty to Dmitry Kulikov is over, Dmitry Kulikov is back on ice.
4:39 of 2nd period - Wrist shot by Noel Acciari.
4:39 of 2nd period - Stopped by Joseph Woll without a rebound.
4:40 of 2nd period - Shane Pinto wins face-off versus Teuvo Teravainen in Quebec Nordiques zone.
4:40 of 2nd period - Shane Pinto is hit by Dmitry Kulikov.
6:23 of 2nd period - Teuvo Teravainen is hit by Jake Middleton and loses puck.
6:32 of 2nd period - Michael McCarron is hit by Conor Garland and loses puck.
6:45 of 2nd period - Icing by Rickard Rakell.
6:46 of 2nd period - Dylan Strome wins face-off versus Connor McDavid in Quebec Nordiques zone.
6:49 of 2nd period - Slapshot by Timo Meier.
6:49 of 2nd period - Shot Misses the Net.
6:57 of 2nd period - Snap shot by Alex DeBrincat.
6:57 of 2nd period - Shot Misses the Net.
7:15 of 2nd period - Wrist shot by Alex DeBrincat.
7:15 of 2nd period - Stopped by Igor Shesterkin without a rebound.
7:16 of 2nd period - Shane Pinto wins face-off versus Nathan MacKinnon in New York Rangers zone.
7:20 of 2nd period - Minor Penalty to Jake McCabe for Holding.
7:21 of 2nd period - Connor McDavid wins face-off versus Noel Acciari in New York Rangers zone.
7:25 of 2nd period - Wrist shot by Connor McDavid.
7:25 of 2nd period - Stopped by Igor Shesterkin without a rebound.
7:26 of 2nd period - Noel Acciari wins face-off versus Connor McDavid in New York Rangers zone.
7:53 of 2nd period - Snap shot by David Kampf.
7:53 of 2nd period - Shot Misses the Net.
8:05 of 2nd period - Noel Acciari is hit by Marco Rossi and loses puck.
8:28 of 2nd period - Slapshot by Brock Faber.
8:28 of 2nd period - Deflect By Rickard Rakell.
8:28 of 2nd period - Stopped by Igor Shesterkin with a rebound.
9:20 of 2nd period - Penalty to Jake McCabe is over, Jake McCabe is back on ice.
9:40 of 2nd period - Shane Pinto is hit by Marcus Foligno and loses puck.
10:03 of 2nd period - Cam Fowler is hit by Nikita Zadorov and loses puck.
10:20 of 2nd period - Nikita Zadorov is hit by Artemi Panarin and loses puck.
11:06 of 2nd period - Marcus Foligno is hit by Brock Faber and loses puck.
11:55 of 2nd period - Luke Schenn is hit by Rickard Rakell and loses puck.
12:32 of 2nd period - Noel Acciari is hit by Matthew Knies and loses puck.
13:23 of 2nd period - Snap shot by Matthew Knies.
13:23 of 2nd period - Shot Blocked by Jake McCabe.
13:25 of 2nd period - Slapshot by Nikita Zadorov.
13:25 of 2nd period - Stopped by Igor Shesterkin with a rebound.
13:27 of 2nd period - Snap shot by Marco Rossi.
13:27 of 2nd period - Shot Misses the Net.
13:29 of 2nd period - Snap shot by Nikita Zadorov.
13:29 of 2nd period - Shot Blocked by Jake McCabe.
13:31 of 2nd period - Slapshot by Matt Duchene.
13:31 of 2nd period - Goal by Matt Duchene - Quebec Nordiques : 3 - New York Rangers : 1.
13:32 of 2nd period - Dylan Strome wins face-off versus Connor McDavid in neutral zone.
14:32 of 2nd period - Michael McCarron is hit by Nathan MacKinnon and loses puck.
15:05 of 2nd period - Michael Anderson is hit by Cole Caufield and loses puck.
15:24 of 2nd period - Michael Anderson is hit by Adam Larsson and loses puck.
15:29 of 2nd period - Snap shot by Nathan MacKinnon.
15:29 of 2nd period - Deflect By Artemi Panarin.
15:29 of 2nd period - Stopped by Joseph Woll with a rebound.
15:31 of 2nd period - Slapshot by Luke Schenn.
15:31 of 2nd period - Shot Misses the Net.
15:33 of 2nd period - Slapshot by Jake Walman.
15:33 of 2nd period - Deflect By Frederick Gaudreau.
15:33 of 2nd period - Stopped by Joseph Woll with a rebound.
16:03 of 2nd period - Cam Fowler is hit by Shane Pinto and loses puck.
17:02 of 2nd period - Slapshot by Artemi Panarin.
17:02 of 2nd period - Stopped by Joseph Woll without a rebound.
17:03 of 2nd period - Teuvo Teravainen wins face-off versus Shane Pinto in Quebec Nordiques zone.
17:13 of 2nd period - Slapshot by Alexandre Carrier.
17:13 of 2nd period - Stopped by Igor Shesterkin without a rebound.
17:14 of 2nd period - Nathan MacKinnon wins face-off versus Connor McDavid in New York Rangers zone.
17:41 of 2nd period - Nikita Zadorov is hit by Timo Meier and loses puck.
18:02 of 2nd period - Wrist shot by Conor Garland.
18:02 of 2nd period - Shot Misses the Net.
18:06 of 2nd period - Wrist shot by Conor Garland.
18:06 of 2nd period - Stopped by Joseph Woll with a rebound.
18:08 of 2nd period - Slapshot by Marcus Foligno.
18:08 of 2nd period - Stopped by Joseph Woll without a rebound.
18:09 of 2nd period - Connor McDavid wins face-off versus Nathan MacKinnon in Quebec Nordiques zone.
18:11 of 2nd period - Minor Penalty to Alexandre Carrier for Holding.
18:12 of 2nd period - Shane Pinto wins face-off versus Nathan MacKinnon in Quebec Nordiques zone.
18:44 of 2nd period - Icing by Jake Walman.
18:45 of 2nd period - Dylan Strome wins face-off versus Connor Brown in New York Rangers zone.
Goals for this period are 1 for Quebec Nordiques vs 0 for New York Rangers.
Shots for this period are 9 for Quebec Nordiques vs 7 for New York Rangers.

3rd period


0:01 of 3rd period - Nathan MacKinnon wins face-off versus Shane Pinto in neutral zone.
0:11 of 3rd period - Penalty to Alexandre Carrier is over, Alexandre Carrier is back on ice.
0:41 of 3rd period - Connor McDavid is hit by Marcus Foligno and loses puck.
0:59 of 3rd period - Slapshot by Cam Fowler.
0:59 of 3rd period - Shot Misses the Net.
1:17 of 3rd period - Snap shot by Dylan Strome.
1:17 of 3rd period - Shot Misses the Net.
1:19 of 3rd period - Slapshot by Adam Larsson.
1:19 of 3rd period - Shot Blocked by Marco Rossi.
1:21 of 3rd period - Snap shot by Cole Caufield.
1:21 of 3rd period - Shot Blocked by Michael Anderson.
2:02 of 3rd period - Wrist shot by Tyler Motte.
2:02 of 3rd period - Stopped by Joseph Woll with a rebound.
3:05 of 3rd period - Snap shot by Connor McDavid.
3:05 of 3rd period - Stopped by Igor Shesterkin without a rebound.
3:06 of 3rd period - Dylan Strome wins face-off versus Connor McDavid in New York Rangers zone.
3:33 of 3rd period - Adam Larsson is hit by Nikita Zadorov and loses puck.
4:28 of 3rd period - Snap shot by Frederick Gaudreau.
4:28 of 3rd period - Shot Misses the Net.
4:30 of 3rd period - Slapshot by Frederick Gaudreau.
4:30 of 3rd period - Stopped by Igor Shesterkin without a rebound.
4:31 of 3rd period - Connor McDavid wins face-off versus Nathan MacKinnon in New York Rangers zone.
4:34 of 3rd period - Snap shot by Alex DeBrincat.
4:34 of 3rd period - Deflect By Mikael Granlund.
4:34 of 3rd period - Stopped by Igor Shesterkin without a rebound.
4:35 of 3rd period - Connor McDavid wins face-off versus Nathan MacKinnon in New York Rangers zone.
4:46 of 3rd period - Snap shot by Artemi Panarin.
4:46 of 3rd period - Shot Misses the Net.
4:48 of 3rd period - Slapshot by Jake McCabe.
4:48 of 3rd period - Shot Blocked by Jake Middleton.
4:50 of 3rd period - Wrist shot by Artemi Panarin.
4:50 of 3rd period - Shot Misses the Net.
4:52 of 3rd period - Slapshot by Adam Larsson.
4:52 of 3rd period - Stopped by Joseph Woll with a rebound.
5:18 of 3rd period - Minor Penalty to Nikolaj Ehlers for High sticking.
5:19 of 3rd period - Nathan MacKinnon wins face-off versus Shane Pinto in Quebec Nordiques zone.
5:50 of 3rd period - Snap shot by Mikael Granlund.
5:50 of 3rd period - Stopped by Joseph Woll with a rebound.
5:52 of 3rd period - Slapshot by Mikael Granlund.
5:52 of 3rd period - Shot Misses the Net.
6:10 of 3rd period - Slapshot by Mikael Granlund.
6:10 of 3rd period - Goal by Mikael Granlund - Quebec Nordiques : 3 - New York Rangers : 2.
6:11 of 3rd period - Connor McDavid wins face-off versus Dylan Strome in neutral zone.
6:38 of 3rd period - Matt Duchene is hit by Mikael Granlund and loses puck.
7:57 of 3rd period - Icing by Dylan Strome.
7:58 of 3rd period - Nathan MacKinnon wins face-off versus Marco Rossi in New York Rangers zone.
8:11 of 3rd period - Snap shot by Nathan MacKinnon.
8:11 of 3rd period - Deflect By Mikael Granlund.
8:11 of 3rd period - Stopped by Joseph Woll without a rebound.
8:12 of 3rd period - Nathan MacKinnon wins face-off versus Alex DeBrincat in Quebec Nordiques zone.
8:13 of 3rd period - Snap shot by Mikael Granlund.
8:13 of 3rd period - Stopped by Joseph Woll with a rebound.
8:53 of 3rd period - Wrist shot by Mikael Granlund.
8:53 of 3rd period - Shot Blocked by Nikita Zadorov.
9:05 of 3rd period - Nikolaj Ehlers is hit by Dylan Strome and loses puck.
9:12 of 3rd period - Slapshot by Jake Middleton.
9:12 of 3rd period - Deflect By Dylan Strome.
9:12 of 3rd period - Stopped by Igor Shesterkin with a rebound.
9:32 of 3rd period - Conor Garland is hit by Brock Faber and loses puck.
9:38 of 3rd period - Minor Penalty to Connor McDavid for Roughing.
9:39 of 3rd period - Shane Pinto wins face-off versus Dylan Strome in Quebec Nordiques zone.
10:14 of 3rd period - Off-side.
10:15 of 3rd period - Michael McCarron wins face-off versus Nathan MacKinnon in neutral zone.
10:20 of 3rd period - Nathan MacKinnon is hit by Michael McCarron.
10:40 of 3rd period - Timo Meier is hit by Michael Anderson.
10:50 of 3rd period - Snap shot by Frederick Gaudreau.
10:50 of 3rd period - Deflect By Shane Pinto.
10:50 of 3rd period - Shot Blocked by Mikael Granlund.
10:50 of 3rd period - Puck is out of play.
10:51 of 3rd period - Michael McCarron wins face-off versus Nathan MacKinnon in New York Rangers zone.
11:08 of 3rd period - Wrist shot by Mikael Granlund.
11:08 of 3rd period - Shot Blocked by Alexandre Carrier.
11:38 of 3rd period - Penalty to Connor McDavid is over, Connor McDavid is back on ice.
11:43 of 3rd period - Wrist shot by Tyler Motte.
11:43 of 3rd period - Shot Misses the Net.
11:53 of 3rd period - Wrist shot by Connor McDavid.
11:53 of 3rd period - Deflect By Shane Pinto.
11:53 of 3rd period - Shot Misses the Net.
11:53 of 3rd period - Puck is out of play.
11:54 of 3rd period - Marco Rossi wins face-off versus Artemi Panarin in New York Rangers zone.
12:03 of 3rd period - Wrist shot by Nathan MacKinnon.
12:03 of 3rd period - Shot Misses the Net.
12:05 of 3rd period - Snap shot by Mikael Granlund.
12:05 of 3rd period - Shot Blocked by Marco Rossi.
12:07 of 3rd period - Slapshot by Luke Schenn.
12:07 of 3rd period - Stopped by Joseph Woll with a rebound.
12:09 of 3rd period - Wrist shot by Artemi Panarin.
12:09 of 3rd period - Stopped by Joseph Woll with a rebound.
12:34 of 3rd period - Snap shot by Rickard Rakell.
12:34 of 3rd period - Shot Misses the Net.
14:54 of 3rd period - Snap shot by Tyler Motte.
14:54 of 3rd period - Shot Misses the Net.
14:58 of 3rd period - Snap shot by Tyler Motte.
14:58 of 3rd period - Shot Misses the Net.
15:00 of 3rd period - Wrist shot by Noel Acciari.
15:00 of 3rd period - Stopped by Joseph Woll with a rebound.
15:04 of 3rd period - Wrist shot by Noel Acciari.
15:04 of 3rd period - Shot Blocked by Alex Vlasic.
15:43 of 3rd period - Minor Penalty to Mikael Granlund for Unsportsmanlike conduct.
15:44 of 3rd period - Timo Meier wins face-off versus Connor McDavid in New York Rangers zone.
15:57 of 3rd period - Snap shot by Alex DeBrincat.
15:57 of 3rd period - Goal by Alex DeBrincat - Quebec Nordiques : 4 - New York Rangers : 2.
15:58 of 3rd period - Teuvo Teravainen wins face-off versus Will Smith in neutral zone.
16:09 of 3rd period - Snap shot by Conor Garland.
16:09 of 3rd period - Shot Misses the Net.
16:11 of 3rd period - Snap shot by Conor Garland.
16:11 of 3rd period - Stopped by Joseph Woll without a rebound.
16:12 of 3rd period - Marcus Foligno wins face-off versus Nikolaj Ehlers in Quebec Nordiques zone.
17:12 of 3rd period - Wrist shot by Teuvo Teravainen.
17:12 of 3rd period - Stopped by Joseph Woll with a rebound.
17:14 of 3rd period - Wrist shot by Teuvo Teravainen.
17:14 of 3rd period - Goal by Teuvo Teravainen - Quebec Nordiques : 4 - New York Rangers : 3.
17:15 of 3rd period - Michael McCarron wins face-off versus Nathan MacKinnon in neutral zone.
18:30 of 3rd period - New York Rangers, Igor Shesterkin is pulled from the net.
18:32 of 3rd period - Wrist shot by Timo Meier.
18:32 of 3rd period - Shot Misses the Net.
18:46 of 3rd period - Wrist shot by Will Smith.
18:46 of 3rd period - Deflect By Shane Pinto.
18:46 of 3rd period - Shot Misses the Net.
18:46 of 3rd period - Puck is out of play.
18:47 of 3rd period - Bill Peters call a timeout for New York Rangers.
18:47 of 3rd period - Igor Shesterkin from New York Rangers was sent back in the game.
18:47 of 3rd period - Nathan MacKinnon wins face-off versus Shane Pinto in New York Rangers zone.
19:12 of 3rd period - New York Rangers, Igor Shesterkin is pulled from the net.
19:28 of 3rd period - Wrist shot by Shane Pinto.
19:28 of 3rd period - Goal by Shane Pinto - Quebec Nordiques : 5 - New York Rangers : 3.
19:28 of 3rd period - Igor Shesterkin from New York Rangers was sent back in the game.
19:29 of 3rd period - Michael McCarron wins face-off versus Teuvo Teravainen in neutral zone.
Goals for this period are 2 for Quebec Nordiques vs 2 for New York Rangers.
Shots for this period are 6 for Quebec Nordiques vs 12 for New York Rangers.